 Dungeon Crawl Stone Soup version 0.28.0 (webtiles) character file.

Game seed: 11222462536474632245

772 multipassport the Chopper (level 7, -7/56 (61) HPs)
             Began as a Hill Orc Fighter on Feb 9, 2022.
             Mangled by a wight (12 damage)
             ... on level 5 of the Dungeon.
             The game lasted 00:09:29 (4452 turns).

multipassport the Chopper (Hill Orc Fighter)        Turns: 4452, Time: 00:09:30

HP:   -7/56 (61)    AC:  7    Str: 21    XL:     7   Next: 83%
MP:   7/7           EV: 10    Int: 14    God:
Gold: 135           SH:  5    Dex: 10    Spells: 6/6 levels left

rFire   . . .      SeeInvis .   r - +2 hand axe (vorpal)
rCold   . . .      Faith    .   c - +0 buckler
rNeg    . . .      Spirit   .   b - +0 scale mail
rPois   .          Reflect  .   (no helmet)
rElec   .          Harm     .   (no cloak)
rCorr   .          Rampage  .   (no gloves)
Will    .....                   (no boots)
Stlth   ..........              (no amulet)
HPRegen 0.18/turn               m - +6 ring of intelligence
MPRegen 0.10/turn               (no ring)

@: drained
A: no striking features
a: no special abilities


You were on level 5 of the Dungeon.
You visited 1 branch of the dungeon, and saw 5 of its levels.

You collected 135 gold pieces.

Inventory:

Hand Weapons
 r - a +2 vorpal hand axe (weapon)
Missiles
 h - 62 bolts
Armour
 b - a +0 scale mail (worn)
 c - a +0 buckler (worn)
Jewellery
 m - a +6 ring of intelligence (left hand)
Wands
 o - a wand of iceblast (7)
Scrolls
 g - 4 scrolls of identify
 j - a scroll of fog
 k - a scroll of teleportation
 l - a scroll of immolation {unknown}
 q - a scroll of enchant weapon {unknown}
Potions
 d - a potion of degeneration {unknown}
 e - a potion of berserk rage {unknown}
 f - a potion of haste
 i - a potion of flight
 n - a potion of invisibility
 p - a potion of mutation


   Skills:
 + Level 5.6 Fighting
 + Level 5.7 Axes
 - Level 5.0 Armour
 - Level 3.0 Dodging
 + Level 5.4 Shields


You had 6 spell levels left.
You didn't know any spells.
Your spell library contained the following spells:

 Spells                   Type           Power      Damage    Failure   Level
 Shock                    Conj/Air       0%         1d3       67%         1
 Sublimation of Blood     Necr           0%         N/A       82%         2
 Swiftness                Air            0%         N/A       96%         3
 Airstrike                Air            0%         N/A       100%        4
 Petrify                  Tmut/Erth      0%         N/A       100%        4
 Irradiate                Conj/Tmut      0%         3d14      100%        5


Dungeon Overview and Level Annotations

Branches:
Dungeon (5/15)
 Temple: D:4-7

Altars:

Shops:
D:1 (   D:3 [   D:4 ?


Message History

You feel drained. The wight freezes you.
You barely miss the wight.
The wight is moderately damaged.
You hit the wight. The wight hits you but does no damage.
The wight barely misses you. You block the wight's attack.
You completely miss the wight.
The wight is moderately damaged.
You hit the wight but do no damage.
The wight hits you with a +5 short sword of freezing.
The wight freezes you. The wight hits you but does no damage.
You hit the wight but do no damage.
The wight is moderately damaged.
You hit the wight but do no damage. The wight barely misses you.
The wight closely misses you.
You closely miss the wight.
The wight is severely damaged.
You barely miss the wight.
The wight hits you with a +5 short sword of freezing!
You feel drained.
* * * LOW HITPOINT WARNING * * *
The wight freezes you.
* * * LOW HITPOINT WARNING * * *
The wight misses you.
You slash the wight!
You destroy the wight!
You barely miss the wight.
The wight hits you with a +5 short sword of freezing.
* * * LOW HITPOINT WARNING * * *
The wight freezes you.
* * * LOW HITPOINT WARNING * * *
You closely miss the wight.
The wight is moderately damaged.
The wight hits you with a +5 short sword of freezing.
* * * LOW HITPOINT WARNING * * *
The wight freezes you.
* * * LOW HITPOINT WARNING * * *
You hit the wight.
The wight is almost destroyed.
The wight hits you with a +5 short sword of freezing!
You die...

.. .# #....
#.#.# #.#z#
## #.#.# ..
#.#.# # #.
#.#.#.#
#..###.[...#
#..)@z..#..#
######### ##


You could see a wight.

Vanquished Creatures
  Sigmund (D:2)
  An ice beast (D:4)
  An ogre (D:4)
  A scorpion (D:4)
  4 wights (D:5)
  A jelly (D:4)
  A hound (D:4)
  Ijyb (D:3)
  4 adders (D:2)
  3 worms
  6 dart slugs
  6 orcs
  5 bats
  5 endoplasms
  4 giant cockroaches
  6 goblins
  4 hobgoblins
  5 jackals (D:3)
  3 quokkas
  3 ball pythons
  5 frilled lizards
  7 kobolds
  3 rats
80 creatures vanquished.

Vanquished Creatures (others)
  A bat (D:2)
1 creature vanquished.

Grand Total: 81 creatures vanquished

Notes
Turn   | Place    | Note
-------+----------+-------------------------------------------
     0 | D:1      | multipassport the Hill Orc Fighter began the quest for the
                  | Orb.
     0 | D:1      | Reached XP level 1. HP: 19/19 MP: 1/1
   491 | D:1      | Reached XP level 2. HP: 27/27 MP: 2/2
   587 | D:1      | Found Govetyg's Weapon Shop.
   717 | D:1      | Found a faded altar of an unknown god.
  1238 | D:1      | Reached XP level 3. HP: 32/33 MP: 3/3
  1511 | D:2      | Reached skill level 1 in Dodging
  1733 | D:2      | Reached XP level 4. HP: 28/40 MP: 4/4
  1961 | D:2      | HP: 2/40 [adder (2)]
  2217 | D:2      | Noticed Sigmund
  2228 | D:2      | Killed Sigmund
  2229 | D:2      | Reached XP level 5. HP: 20/47 MP: 5/5
  2229 | D:2      | Reached XP level 6. HP: 24/55 MP: 6/6
  2756 | D:3      | Noticed Ijyb
  2776 | D:3      | Killed Ijyb
  2909 | D:3      | Found Loiwuh's Antique Armour Emporium.
  3275 | D:4      | Reached skill level 5 in Fighting
  3367 | D:4      | Found Anunkoo's Magic Scroll Emporium.
  3406 | D:4      | Noticed an ice beast
  3420 | D:4      | Killed an ice beast
  3421 | D:4      | Reached skill level 5 in Axes
  3421 | D:4      | Reached skill level 5 in Armour
  3421 | D:4      | Reached XP level 7. HP: 11/61 MP: 7/7
  3679 | D:4      | Reached skill level 5 in Shields
  4028 | D:5      | Entered Level 5 of the Dungeon
  4452 | D:5      | Mangled by a wight

Illustrated notes

Levels and vault maps discovered:
D:1:      dpeg_arrival_tiny_a, layout_loops_corners, serial_shops, shop,
          hellmonk_ecumenical_altar_slurped_away
D:2:      layout_basic, uniq_sigmund
D:3:      layout_loops_ring, serial_shops, nicolae_shop_crystal, uniq_ijyb
D:4:      layout_cave_pools, serial_shops, shop
D:5:      layout_loops_ring, temple_green, serial_shops, shop,
          biasface_ghost_orc_armoury, grunt_decor_junction, uniq_eustachio,
          uniq_prince_ribbit1

Skill      XL: |  1  2  3  4  5  6  7 |
---------------+----------------------+-----
Axes           | 3 4 5 |  5.7
Fighting       | 4 5 |  5.6
Dodging        | 1 2 3 |  3.0
Armour         | 4 5 |  5.0
Shields        | 4 5 |  5.4

Action                   |  1- 3 |  4- 6 |  7- 9 || total
-------------------------+-------+-------+-------++-------
Melee: War axe           |    89 |   139 |    22 ||   250
       Hand axe          |       |       |    26 ||    26
Evoke: Wand              |       |       |     2 ||     2
  Use: Potion            |       |     2 |       ||     2
       Scroll            |       |     8 |       ||     8
Armor: Scale mail        |    36 |    76 |     8 ||   120
Dodge: Dodged            |    38 |    73 |    20 ||   131
Block: Buckler           |    31 |    39 |    10 ||    80
